Map: Grań Lerilaka

Players

Retsech

  • Race: Terran Terran

Gracz

  • Race: Terran Terran

SI 2 (Średnio trudna) - Winner!

  • Race: Protoss Protoss

SI 3 (Średnio trudna) - Winner!

  • Race: Zerg Zerg

VOD

Have the link to the VOD?

Description

Time

  • Played on: Feb. 19, 2016, 7:56 p.m.
  • Length: 41:04
Show
View Real Time Build Order
Export as new Build Order

Retsech Terran 

Build Orders:  

Get SALT Encoding   

  12  0:11  SCV  
  13  0:23  SCV  
  14  0:31  Supply Depot  
  14  0:35  SCV  
  15  0:52  SCV  
  15  0:56  Barracks  
  16  1:01  Supply Depot  
  16  1:04  SCV  
  16  1:06  Refinery  
  16  1:10  Refinery  
  17  1:16  SCV  
  18  1:24  Supply Depot  
  18  1:29  SCV  
  19  1:41  SCV  
  20  1:53  Engineering Bay, SCV  
  21  2:05  SCV  
  21  2:07  Bunker  
  22  2:16  Bunker, Marine  
  24  2:27  Neosteel Frame  
  23  2:34  Marine  
  24  2:41  Orbital Command  
  24  2:57  Barracks  
  24  3:02  Marine  
  25  3:20  Marine  
  26  3:38  Marine  
  26  3:39  Factory  
  27  3:43  Factory  
  27  3:46  Hi-Sec Auto Tracking  
  27  3:47  Marine  
  28  3:55  Marine  
  29  4:05  Marine  
  30  4:20  Marine  
  30  4:23  Marine  
  32  4:28  Factory Tech Lab  
  32  4:29  Factory Tech Lab  
  32  4:37  Marine  
  33  4:44  Terran Infantry Weapons Level 1  
  33  4:45  Marine  
  34  4:50  Siege Tank x2  
  40  4:55  Marine  
  41  5:09  Marine  
  41  5:13  Marine  
  43  5:26  Marine  
  44  5:32  Siege Tank  
  44  5:33  Siege Tank  
  50  6:01  Sensor Tower  
  50  6:38  Building Armor  
  50  6:39  Command Center  
  50  6:53  Sensor Tower  
  50  6:56  Marine x2  
  50  6:57  Siege Tank x2  
  58  7:14  Marine x2  
  59  7:31  Marine  
  59  7:32  Marine  
  58  7:49  Marine x2  
  60  7:52  Siege Tank x2  
  66  8:00  SCV  
  67  8:07  Marine x2  
  67  8:08  Supply Depot  
  67  8:12  SCV  
  70  8:21  Bunker  
  70  8:24  SCV  
  71  8:30  Marine x2  
  71  8:31  Supply Depot  
  73  8:36  SCV  
  73  8:39  Terran Infantry Armor Level 1  
  74  8:48  Marine, SCV  
  74  8:52  Bunker  
  74  8:54  Supply Depot  
  76  9:01  SCV  
  77  9:13  SCV  
  78  9:25  SCV  
  79  9:37  SCV  
  80  9:55  Refinery, Orbital Command  
  80  9:57  Refinery  
  80  10:22  Missile Turret  
  80  10:24  Missile Turret  
  80  10:25  Missile Turret x2  
  80  10:26  Missile Turret  
  80  10:29  Missile Turret  
  80  10:47  Missile Turret  
  80  10:48  Barracks Tech Lab  
  80  10:49  Barracks Tech Lab, Missile Turret x3  
  80  11:08  Siege Tank  
  83  11:30  Missile Turret  
  83  11:52  Missile Turret  
  83  12:13  Missile Turret  
  83  12:36  Missile Turret  
  83  12:56  Missile Turret  
  83  13:18  Missile Turret  
  83  13:38  Missile Turret  
  83  13:47  Command Center  
  83  13:56  Sensor Tower  
  83  14:02  Missile Turret, Supply Depot  
  83  14:15  Siege Tank x2  
  89  14:19  Supply Depot  
  89  14:23  Missile Turret  
  89  14:26  Supply Depot  
  89  14:43  Supply Depot  
  89  14:47  Siege Tank x2  
  89  14:49  Bunker  
  89  14:51  Marine  
  89  14:52  Marauder  
  98  14:54  Combat Shields  
  98  14:55  Stimpack  
  98  15:08  Bunker  
  98  15:09  Marine  
  98  15:10  Orbital Command  
  98  15:13  Marauder  
  101  15:19  Siege Tank x2  
  107  15:22  Missile Turret  
  107  15:27  Marine  
  108  15:34  Marine  
  103  15:38  Refinery  
  103  15:43  Missile Turret  
  103  15:45  Missile Turret, Marauder  
  105  15:51  Siege Tank  
  105  15:52  Marine  
  109  16:03  Refinery  
  109  16:07  Missile Turret  
  109  16:08  Missile Turret  
  109  16:13  Concussive Shells  
  109  16:29  Missile Turret  
  109  16:31  Missile Turret  
  109  16:56  Missile Turret  
  109  18:08  Armory  
  109  18:17  Siege Tank x2  
  115  18:46  SCV  
  116  18:49  Siege Tank x2  
  119  19:21  Siege Tank x2  
  107  19:53  Siege Tank x2  
  88  20:31  Marine x2  
  86  20:48  Marine  
  86  20:49  Marine  
  86  21:02  Starport  
  86  21:05  Terran Vehicle Weapons Level 1  
  86  21:06  Marine x2  
  88  21:24  Marine x2  
  90  21:32  Missile Turret  
  90  21:33  Missile Turret  
  90  21:34  Missile Turret  
  90  21:35  Missile Turret x2  
  90  21:36  Missile Turret  
  90  21:37  Missile Turret  
  90  21:38  Missile Turret x4  
  90  21:39  Starport  
  90  21:40  Missile Turret  
  90  21:42  Missile Turret x2, Marine x2  
  90  21:45  Missile Turret  
  92  21:54  Missile Turret  
  92  21:55  Missile Turret  
  92  21:56  Missile Turret  
  92  21:58  Missile Turret  
  92  21:59  Missile Turret  
  92  22:00  Missile Turret  
  92  22:03  Missile Turret  
  92  22:05  Missile Turret x2  
  87  22:18  Starport  
  74  22:48  Thor x2  
  86  23:00  Terran Vehicle And Ship Armor Level 1  
  82  23:31  Thor x2  
  93  24:14  Thor x2  
  105  24:54  Terran Ship Weapons Level 1  
  105  24:57  Thor x2  
  117  25:29  Barracks Tech Lab  
  117  25:40  Siege Tank, Thor  
  112  26:15  Thor  
  117  26:22  Thor  
  120  26:47  Terran Vehicle Weapons Level 2  
  102  26:58  Thor  
  108  27:05  Thor  
  114  27:23  Missile Turret x2  
  114  27:24  Missile Turret x2  
  114  27:36  Missile Turret  
  114  27:41  Thor  
  120  27:44  Missile Turret  
  120  27:45  Missile Turret  
  120  27:47  Missile Turret  
  120  27:48  Missile Turret  
  120  27:58  Missile Turret  
  120  28:11  Missile Turret  
  102  31:07  Terran Vehicle Weapons Level 3  
  102  31:12  Terran Infantry Weapons Level 2  
  14  33:27  Terran Infantry Armor Level 2  
  14  33:44  Terran Vehicle And Ship Armor Level 2  
  6  34:24  SCV  
  7  34:36  SCV  
  8  34:48  SCV  
  8  34:50  Thor x2  
  21  35:00  SCV  
  21  35:06  Supply Depot  
  22  35:12  SCV  
  23  36:00  Terran Ship Weapons Level 2  
    39:32  Orbital Command  
Show
View Real Time Build Order
Export as new Build Order

Gracz Terran 

Build Orders: Reaper Expand 

Get SALT Encoding   

  12  0:00  SCV  
  13  0:20  Supply Depot  
  13  0:52  Refinery  
  13  0:54  Barracks  
  13  1:02  Barracks  
  13  1:49  Engineering Bay  
  13  2:23  SCV  
  13  2:25  Refinery  
  14  2:35  SCV  
  15  2:47  SCV  
  15  2:49  Factory  
  16  3:00  SCV  
  16  3:01  Barracks Reactor  
  16  3:05  Barracks Reactor  
  17  3:12  Command Center, SCV  
  18  3:27  Orbital Command  
  18  3:41  Reaper x2  
  18  3:42  Reaper x2  
  22  4:03  Refinery  
  22  4:30  SCV  
  23  4:32  Refinery, SCV  
  24  4:42  SCV  
  24  4:45  SCV  
  26  4:54  SCV  
  26  4:57  SCV  
  28  5:06  SCV  
  29  5:09  SCV  
  30  5:17  Factory Tech Lab  
  30  5:18  SCV  
  30  5:21  SCV  
  32  5:27  Supply Depot  
  32  5:31  SCV  
  33  5:37  Factory  
  33  5:48  Reaper x2  
  33  5:49  Reaper x2  
  37  5:52  Supply Depot  
  37  6:06  SCV  
  37  6:07  SCV  
  39  6:18  SCV  
  39  6:20  SCV  
  39  6:22  Supply Depot  
  41  6:30  SCV  
  42  6:45  Armory  
  34  7:15  Reaper x4  
  33  8:54  Refinery  
  33  9:07  Supply Depot  
  33  9:11  Supply Depot  
  33  9:14  Supply Depot  
  33  9:21  Supply Depot  
  33  9:26  Bunker  
  33  9:49  SCV  
  34  9:52  Factory Reactor  
  34  10:01  SCV  
  35  10:13  SCV  
  36  10:17  Refinery  
  36  10:25  SCV  
  37  10:44  Starport  
  37  10:47  Starport  
  37  10:59  Marine x3  
  37  11:00  Marine  
  41  11:14  Hellion x2  
  41  11:15  Thor  
  39  11:49  Marine, Reaper x2  
  39  11:50  Marine  
  41  12:48  Marine x4  
  48  12:55  Starport  
  47  13:08  Siege Tank  
  31  13:41  Hellion  
  30  14:01  Marine x4  
  32  14:24  Hellion  
  24  14:45  Marine x2  
  22  14:46  Marine x2  
  24  15:01  Hellion  
  26  15:11  Starport Tech Lab x2  
  22  15:32  Hellion  
  22  15:33  Marine x2  
  20  16:17  Command Center  
  22  17:08  Medivac  
    20:07  Orbital Command  
    20:20  Liberator  
    20:40  Barracks Tech Lab, Barracks Reactor  
  3  20:44  SCV  
  4  20:56  SCV  
  5  21:28  Supply Depot  
  5  21:31  Supply Depot  
  5  21:41  SCV  
  6  22:22  Factory  
  6  22:39  Viking  
  8  22:48  Supply Depot  
  8  22:52  Supply Depot  
  8  23:09  Viking  
  7  23:54  Fusion Core  
  7  24:55  Starport  
  7  25:07  Battlecruiser  
  13  25:10  Marine x2  
  15  25:27  Marine x2  
  17  25:34  Weapon Refit  
  17  26:18  Behemoth Reactor  
  17  26:22  Battlecruiser x2  
  21  27:43  Command Center  
  15  30:26  Engineering Bay  
  9  31:29  Planetary Fortress  
  9  32:06  Battlecruiser  
  9  32:07  Battlecruiser  
Show
View Real Time Build Order
Export as new Build Order

SI 2 (Średnio trudna) Protoss - Winner!

Build Orders:  

Get SALT Encoding   

  12  0:01  Probe (Chrono Boost)  
  13  0:11  Probe (Chrono Boost)  
  14  0:20  Pylon  
  14  0:22  Probe (Chrono Boost)  
  15  0:38  Probe (Chrono Boost)  
  16  0:47  Assimilator  
  16  0:48  Probe (Chrono Boost)  
  17  0:51  Gateway  
  17  0:59  Probe (Chrono Boost)  
  17  1:00  Pylon  
  18  1:30  Gateway  
  18  1:33  Assimilator  
  18  1:36  Zealot  
  20  1:44  Cybernetics Core  
  20  2:00  Zealot  
  20  2:07  Pylon  
  22  2:14  Warp Gate  
  22  2:19  Stalker  
  24  2:40  Stalker  
  26  2:58  Pylon  
  26  3:01  Stalker  
  26  3:05  Probe (Chrono Boost)  
  29  3:16  Probe (Chrono Boost)  
  30  3:22  Adept  
  30  3:27  Forge  
  33  3:28  Probe (Chrono Boost)  
  33  3:39  Probe (Chrono Boost)  
  34  3:42  Stalker  
  36  3:50  Probe (Chrono Boost)  
  37  4:02  Stalker, Probe (Chrono Boost)  
  39  4:25  Probe (Chrono Boost)  
  40  5:39  Probe (Chrono Boost)  
  40  6:48  Sentry  
  40  6:50  Pylon, Probe (Chrono Boost)  
  40  6:53  Photon Cannon  
  43  6:57  Photon Cannon  
  43  7:00  Robotics Facility, Nexus  
  43  7:01  Sentry  
  43  7:03  Stargate  
  43  7:07  Twilight Council  
  45  7:12  Gateway  
  45  7:14  Forge  
  45  7:15  Adept  
  47  7:16  Pylon  
  47  7:29  Stalker  
  33  7:42  Stalker  
  35  7:47  Observer  
  35  7:56  Stalker  
  37  8:08  Observer  
  37  8:09  Stalker  
  40  8:15  Probe (Chrono Boost)  
  40  8:17  Probe (Chrono Boost)  
  42  8:20  Assimilator  
  42  8:23  Pylon, Zealot  
  42  8:25  Pylon, Probe (Chrono Boost)  
  45  8:27  Assimilator  
  45  8:28  Probe (Chrono Boost)  
  46  8:36  Stalker, Probe (Chrono Boost)  
  46  8:39  Probe (Chrono Boost)  
  50  8:45  Photon Cannon  
  50  8:48  Probe (Chrono Boost)  
  51  8:49  Photon Cannon  
  51  8:50  Adept, Probe (Chrono Boost)  
  51  8:52  Photon Cannon  
  54  8:59  Probe (Chrono Boost)  
  54  9:02  Probe (Chrono Boost)  
  56  9:04  Zealot  
  59  9:10  Probe (Chrono Boost)  
  59  9:13  Probe (Chrono Boost)  
  60  9:20  Probe (Chrono Boost)  
  60  9:24  Probe (Chrono Boost)  
  63  9:31  Probe (Chrono Boost)  
  63  9:34  Probe (Chrono Boost)  
  64  9:42  Probe (Chrono Boost)  
  64  9:45  Probe (Chrono Boost)  
  66  9:52  Probe (Chrono Boost)  
  67  11:23  Protoss Ground Weapons Level 1, Warp Prism, Protoss Ground Armor Level 1  
  67  11:25  Adept  
  71  11:27  Gateway  
  71  11:32  Adept  
  71  11:34  Robotics Bay, Nexus  
  71  11:37  Pylon  
  73  11:40  Adept  
  73  11:41  Dark Shrine  
  75  11:48  Adept  
  67  11:56  Adept  
  67  11:57  Warp Prism  
  59  12:04  Stalker  
  61  12:12  Stalker  
  63  12:19  Observer Gravitic Boosters  
  63  12:20  Adept  
  65  12:28  Adept  
  67  12:32  Observer  
  67  12:36  Zealot  
  70  12:44  Sentry  
  72  12:47  Probe (Chrono Boost)  
  72  12:50  Immortal  
  72  12:51  Probe (Chrono Boost)  
  74  12:54  Probe (Chrono Boost)  
  74  12:55  Assimilator  
  80  12:59  Probe (Chrono Boost)  
  80  13:01  Probe (Chrono Boost)  
  82  13:06  Probe (Chrono Boost)  
  82  13:10  Gravitic Drive  
  82  13:11  Probe (Chrono Boost)  
  84  13:12  Probe (Chrono Boost)  
  84  13:17  Probe (Chrono Boost)  
  85  13:22  Probe (Chrono Boost)  
  85  13:23  Probe (Chrono Boost)  
  87  13:33  Assimilator  
  87  14:55  Protoss Ground Weapons Level 2  
  87  14:56  Protoss Ground Armor Level 2  
  87  14:58  Disruptor, Protoss Air Weapons Level 1  
  90  15:08  Pylon  
  90  15:10  Zealot  
  92  15:16  Zealot  
  94  15:22  Stalker  
  88  15:29  Stalker  
  88  15:33  Stargate  
  88  15:35  Sentry, Templar Archives  
  72  15:37  Fleet Beacon  
  72  15:42  Void Ray  
  78  15:43  Robotics Facility  
  78  15:46  Disruptor  
  81  15:53  Nexus  
  81  15:55  Stalker  
  83  16:02  Stalker  
  85  16:08  Adept  
  87  16:15  Sentry  
  89  16:19  Carrier  
  89  16:21  Zealot  
  97  16:39  Protoss Air Armor Level 1  
  97  16:57  Protoss Shields Level 1  
  97  17:00  Protoss Ground Weapons Level 3  
  97  17:13  Assimilator  
  97  17:18  Pylon  
  97  17:20  Pylon  
  97  17:22  Assimilator  
  97  17:43  Photon Cannon  
  97  17:46  Photon Cannon  
  97  18:25  Protoss Air Weapons Level 2  
  97  18:37  Zealot  
  99  18:41  Blink  
  99  18:42  Protoss Ground Armor Level 3  
  99  18:43  Zealot  
  99  18:48  Stalker  
  103  18:53  Stalker  
  103  18:55  Void Ray  
  94  19:03  Stalker  
  94  19:08  Stalker  
  87  19:13  Stalker  
  85  19:18  Stalker  
  85  19:21  Protoss Shields Level 2  
  85  19:23  Adept  
  89  19:27  Void Ray  
  93  19:34  Zealot  
  95  19:39  Zealot  
  95  19:44  Zealot  
  99  19:49  Sentry  
  95  19:55  Sentry  
  97  20:26  Protoss Air Armor Level 2  
  97  20:57  Nexus  
  97  21:23  Protoss Shields Level 3  
  97  21:53  High Templar  
  99  22:01  High Templar  
  101  22:15  High Templar, Archon  
  99  22:18  Observer  
  99  22:20  Observer  
  93  22:23  Stalker  
  93  22:28  Pylon  
  93  22:29  Assimilator  
  77  22:30  Pylon  
  77  22:31  Stalker  
  77  22:32  Assimilator  
  77  22:33  Void Ray  
  71  22:43  Void Ray  
  79  22:53  Photon Cannon  
  79  22:55  Sentry  
  79  22:57  Photon Cannon  
  81  23:03  Stalker  
  83  23:11  Sentry  
  85  23:18  Zealot  
  87  23:26  Zealot  
  89  23:35  High Templar  
  91  23:49  High Templar, Archon  
  93  23:57  High Templar  
  95  24:12  High Templar, Archon  
  97  24:20  High Templar  
  99  24:35  High Templar, Archon  
  101  24:44  High Templar  
  103  24:59  Archon  
  103  25:34  Immortal  
  107  25:43  Immortal  
  111  26:02  Stalker  
  107  26:05  Nexus  
  107  26:10  Zealot  
  88  26:11  Observer  
  88  26:18  Stalker  
  75  26:26  Observer, Sentry  
  77  26:34  Sentry  
  79  26:42  Zealot  
  81  26:50  Stalker  
  83  26:58  High Templar  
  85  27:05  Observer  
  85  27:06  High Templar  
  87  27:21  Archon  
  87  27:22  Dark Templar  
  89  27:29  Observer  
  89  27:32  Zealot  
  89  27:35  Assimilator  
  87  27:37  Pylon  
  87  27:40  Pylon, Stalker  
  89  27:49  Dark Templar  
  91  27:54  Assimilator  
  91  27:58  Observer  
  91  28:03  Photon Cannon  
  91  28:05  Photon Cannon  
  91  28:37  Observer  
  91  29:00  Probe (Chrono Boost)  
  91  29:06  Probe (Chrono Boost)  
  91  29:11  Assimilator  
  90  29:17  Probe (Chrono Boost)  
  90  29:20  Probe (Chrono Boost)  
  91  29:26  Phoenix  
  91  29:27  Archon  
  93  29:32  Probe (Chrono Boost)  
  93  29:34  Disruptor  
  96  29:45  Zealot  
  96  29:54  Stalker  
  98  30:00  Phoenix  
  100  30:10  Disruptor  
  100  30:11  Carrier  
  103  30:16  Nexus  
  109  30:26  Observer  
  109  30:28  Zealot  
  111  30:36  Assimilator  
  111  30:53  Observer  
  111  30:55  Stalker  
  109  31:04  Sentry  
  99  31:12  Zealot  
  101  31:21  Zealot  
  103  31:26  Phoenix  
  103  31:30  Observer  
  105  31:36  Phoenix  
  103  31:44  Observer, Pylon  
  95  31:47  Dark Templar  
  95  31:51  Immortal  
  101  32:04  Stalker, Photon Cannon  
  101  32:06  Photon Cannon  
  103  32:11  Observer  
  103  32:13  Stalker  
  101  32:22  Stalker  
  93  32:27  Observer  
  88  32:31  Sentry  
  88  32:36  Phoenix  
  82  32:40  Observer  
  84  32:48  Zealot  
  86  32:57  Zealot  
  76  33:05  Zealot  
  76  33:09  Observer  
  76  33:14  Sentry  
  76  33:20  Phoenix  
  78  33:27  Immortal  
  82  33:40  Stalker  
  84  33:44  Disruptor  
  84  33:47  Carrier  
  93  34:02  Stalker  
  93  34:07  Sentry  
  97  34:13  Stalker  
  95  34:18  Stalker  
  95  34:23  Dark Templar  
  99  34:28  Dark Templar  
  101  34:33  Void Ray  
  101  34:34  Zealot  
  103  34:44  Zealot  
  109  34:52  Stalker  
  111  34:57  Stalker  
  113  35:02  Adept  
  115  35:07  Void Ray, Zealot  
  115  35:08  Archon  
  121  36:13  Observer  
  121  37:16  Tempest  
  121  37:17  Void Ray  
  125  38:06  Observer  
  125  38:14  Void Ray  
Show
View Real Time Build Order
Export as new Build Order

SI 3 (Średnio trudna) Zerg - Winner!

Build Orders: Pool First 

Get SALT Encoding   

  12  0:01  Drone  
  13  0:12  Overlord  
  13  0:16  Drone  
  14  0:30  Drone  
  14  0:33  Drone  
  16  0:42  Spawning Pool  
  15  0:45  Drone  
  15  0:49  Drone  
  17  0:52  Extractor  
  17  0:55  Drone  
  17  1:05  Overlord  
  17  1:29  Queen  
  17  1:31  Zergling x2  
  20  1:36  Roach Warren, Zergling x2  
  20  1:37  Extractor  
  20  1:38  Drone  
  20  1:49  Drone  
  20  1:53  Baneling Nest  
  20  1:59  Drone  
  21  2:10  Zergling x2  
  22  2:21  Zergling x2  
  23  2:31  Overlord  
  23  2:36  Zergling x2, Drone  
  25  2:41  Zergling x2  
  26  2:47  Zergling x2  
  27  2:53  Baneling x3  
  27  2:54  Zergling x2  
  28  3:05  Zergling x2  
  29  3:10  Zergling x2, Overlord  
  30  3:16  Zergling x2, Baneling  
  31  3:22  Zergling x2, Baneling x2  
  32  3:30  Zergling x2  
  32  3:31  Evolution Chamber  
  32  3:39  Drone  
  33  3:42  Drone  
  33  3:45  Drone  
  33  3:48  Drone  
  36  3:53  Drone  
  37  4:04  Drone  
  38  4:12  Drone  
  39  6:16  Roach  
  39  6:17  Lair, Overlord  
  41  6:20  Spore Crawler  
  41  6:21  Spore Crawler  
  41  6:22  Drone  
  41  6:24  Evolution Chamber, Drone  
  40  6:26  Hatchery  
  40  6:27  Drone  
  40  6:31  Roach  
  42  6:35  Drone, Overlord  
  42  6:38  Drone  
  44  6:45  Roach  
  44  6:46  Spine Crawler  
  45  6:47  Drone  
  45  6:48  Spine Crawler  
  45  6:50  Drone  
  41  7:00  Roach  
  43  7:14  Queen  
  43  7:15  Overseer x2  
  45  7:20  Hydralisk Den  
  45  7:21  Drone  
  45  7:22  Infestation Pit  
  42  7:24  Spire, Drone  
  42  7:27  Drone  
  43  7:39  Queen, Drone  
  43  7:42  Drone, Spore Crawler  
  43  7:43  Spore Crawler  
  45  7:45  Drone  
  45  7:48  Drone, Spore Crawler  
  45  7:50  Hydralisk, Drone  
  48  7:53  Drone  
  48  7:56  Drone  
  50  8:00  Drone  
  50  8:03  Drone  
  50  8:05  Infestor, Drone  
  54  8:08  Drone  
  54  8:11  Drone  
  55  8:18  Drone  
  55  8:20  Hydralisk  
  55  8:28  Spine Crawler  
  55  8:29  Drone  
  55  8:32  Drone  
  55  8:34  Overlord  
  56  8:35  Zergling x2  
  56  8:36  Drone  
  58  8:42  Drone  
  58  8:45  Drone  
  58  8:46  Spine Crawler  
  58  8:48  Drone  
  60  8:49  Hydralisk  
  60  8:51  Drone  
  60  8:54  Drone  
  64  8:57  Drone  
  64  8:59  Drone, Overlord  
  66  9:03  Infestor  
  68  9:48  Extractor  
  68  9:51  Extractor  
  66  10:13  Drone  
  67  10:16  Drone  
  68  10:58  Corruptor  
  68  10:59  Hive, Pneumatized Carapace  
  68  11:00  Overseer, Overlord x2  
  68  11:02  Zerg Melee Weapons Level 1, Zerg Ground Armor Level 1, Muscular Augments  
  70  11:10  Hatchery  
  69  11:11  Corruptor  
  69  11:41  Zergling x2  
  69  11:42  Burrow  
  69  12:15  Greater Spire  
  67  12:17  Ultralisk Cavern  
  67  12:22  Queen, Drone  
  67  12:25  Drone  
  67  12:28  Drone  
  71  12:31  Drone  
  71  12:32  Extractor  
  71  12:34  Drone  
  71  12:36  Spore Crawler  
  72  12:37  Drone  
  72  12:39  Extractor  
  72  12:40  Drone  
  72  12:43  Drone  
  71  12:45  Spore Crawler  
  71  12:46  Drone  
  71  12:48  Drone  
  72  12:51  Drone  
  72  12:54  Drone  
  72  12:56  Zerg Missile Weapons Level 1  
  72  12:57  Drone  
  75  13:00  Drone  
  75  13:03  Drone  
  77  13:06  Drone  
  77  13:09  Spine Crawler, Drone  
  77  13:12  Spine Crawler, Drone  
  78  13:15  Drone  
  77  13:27  Brood Lord  
  77  13:28  Corruptor  
  77  13:29  Spire  
  77  13:31  Drone  
  81  13:41  Brood Lord, Corruptor  
  85  14:05  Infestor  
  85  14:47  Zergling x2  
  85  14:49  Zergling x2, Overlord  
  85  14:51  Mutalisk, Zerg Melee Weapons Level 2  
  85  14:52  Zerg Ground Armor Level 2  
  89  14:53  Mutalisk  
  89  14:56  Zergling x2  
  89  14:58  Zergling x2  
  93  15:01  Zergling x2  
  93  15:03  Metabolic Boost, Mutalisk  
  93  15:05  Mutalisk  
  98  15:08  Zergling x2, Overlord  
  98  15:11  Zergling x2  
  98  15:13  Zergling x2  
  101  15:15  Baneling  
  101  15:16  Baneling x2  
  101  15:17  Zergling x2  
  101  15:19  Zergling x2  
  101  15:21  Zergling x2  
  101  15:22  Zerg Flyer Weapons Level 1  
  101  15:23  Mutalisk  
  101  15:26  Mutalisk, Overlord  
  101  15:28  Mutalisk  
  104  15:30  Viper, Mutalisk  
  104  15:33  Zergling x2  
  112  15:36  Baneling  
  112  15:37  Zergling x2  
  112  15:40  Zergling x2, Baneling x2  
  114  15:43  Centrifical Hooks  
  114  16:02  Hatchery  
  113  16:06  Zerg Flyer Armor Level 1  
  113  17:06  Zerg Missile Weapons Level 2  
  113  17:09  Zerg Melee Weapons Level 3  
  113  17:16  Queen, Drone  
  113  17:17  Zerg Flyer Weapons Level 2  
  116  17:24  Extractor  
  116  17:25  Drone  
  116  17:27  Spore Crawler  
  116  17:29  Drone  
  116  17:31  Spore Crawler  
  116  17:32  Extractor, Drone  
  116  17:35  Drone  
  116  17:57  Spine Crawler  
  115  17:59  Drone  
  115  18:00  Spine Crawler  
  115  18:01  Zerg Flyer Armor Level 2  
  115  18:02  Drone  
  116  18:06  Roach  
  116  18:09  Overlord  
  116  18:12  Roach  
  120  18:18  Roach  
  122  18:23  Infestor  
  124  18:28  Overlord  
  124  18:29  Infestor  
  126  18:35  Infestor  
  126  18:40  Hydralisk  
  130  18:47  Roach, Overlord  
  131  18:53  Roach  
  124  18:59  Roach  
  115  19:04  Roach  
  115  19:05  Roach  
  112  19:10  Infestor  
  112  19:16  Infestor  
  109  19:21  Infestor  
  109  19:22  Zerg Ground Armor Level 3  
  107  19:28  Infestor  
  101  19:34  Infestor  
  103  19:40  Hydralisk  
  97  19:46  Zergling x2, Zerg Missile Weapons Level 3  
  97  19:52  Infestor  
  96  19:58  Roach  
  98  20:03  Infestor  
  100  20:09  Infestor  
  102  20:16  Roach  
  102  20:18  Viper  
  104  20:21  Hydralisk, Overseer  
  104  20:25  Overseer  
  104  20:28  Roach  
  106  20:33  Roach  
  108  20:39  Roach  
  106  20:45  Roach  
  108  20:50  Infestor  
  112  20:57  Roach  
  112  20:59  Overlord  
  112  21:18  Overlord  
  112  21:26  Hatchery  
  111  22:13  Overseer, Overlord  
  107  22:30  Hydralisk  
  107  22:31  Overlord  
  111  22:37  Roach  
  111  22:42  Roach  
  105  22:47  Hydralisk  
  105  22:49  Drone, Overlord  
  105  22:51  Queen  
  108  22:52  Hydralisk  
  108  22:57  Hydralisk  
  112  23:02  Hydralisk  
  114  23:08  Roach  
  114  23:09  Overlord  
  114  23:10  Extractor  
  112  23:13  Roach, Drone  
  112  23:16  Overseer, Spore Crawler  
  112  23:18  Roach  
  112  23:19  Spore Crawler  
  110  23:20  Drone  
  110  23:22  Extractor  
  110  23:23  Drone  
  110  23:24  Ultralisk  
  116  23:27  Overlord, Drone  
  116  23:28  Hydralisk  
  118  23:34  Zergling x2  
  118  23:39  Roach  
  120  23:44  Roach  
  122  23:49  Roach  
  122  23:52  Spine Crawler  
  122  23:54  Drone  
  124  23:55  Spine Crawler  
  124  23:56  Viper, Overlord  
  124  23:57  Overseer x2  
  124  23:58  Drone  
  124  24:00  Roach  
  120  24:05  Roach  
  108  24:10  Infestor  
  108  24:15  Infestor  
  112  24:20  Infestor  
  114  26:21  Corruptor  
  114  26:22  Overlord  
  116  26:31  Hatchery  
  116  26:32  Corruptor  
  116  26:42  Zergling x2  
  107  26:47  Overseer  
  107  26:52  Overseer, Infestor  
  82  26:56  Overlord  
  76  27:01  Infestor  
  76  27:02  Overlord  
  74  27:21  Brood Lord x2, Overlord  
  78  27:39  Corruptor  
  78  27:40  Overlord  
  80  27:45  Queen, Drone  
  80  27:48  Corruptor  
  85  27:55  Extractor  
  85  27:56  Drone  
  85  27:58  Spore Crawler  
  84  27:59  Drone, Overlord  
  85  28:12  Spore Crawler  
  85  28:14  Drone  
  85  28:16  Extractor  
  85  28:18  Drone  
  85  28:19  Corruptor  
  87  28:20  Brood Lord  
  89  28:29  Brood Lord, Corruptor  
  93  28:37  Spine Crawler  
  93  28:38  Drone  
  93  28:40  Spine Crawler  
  93  28:41  Drone  
  93  28:53  Brood Lord, Overlord, Corruptor  
  97  30:10  Roach  
  97  30:12  Overlord  
  99  30:15  Roach  
  99  30:20  Roach  
  102  30:24  Hatchery  
  102  30:25  Roach  
  103  30:30  Infestor, Overlord  
  103  30:35  Infestor  
  103  30:39  Infestor  
  103  30:40  Infestor  
  107  30:45  Hydralisk  
  109  30:50  Overlord  
  109  30:51  Roach  
  109  30:56  Zergling x2  
  110  31:01  Roach  
  112  31:06  Infestor  
  112  31:08  Viper  
  112  31:09  Overlord  
  117  31:12  Roach  
  117  31:17  Roach  
  121  31:22  Infestor  
  123  31:27  Overlord  
  123  31:28  Infestor  
  125  31:33  Infestor  
  125  31:36  Queen  
  125  31:38  Infestor  
  131  31:43  Infestor  
  133  31:47  Spore Crawler  
  133  31:48  Hydralisk  
  133  31:50  Spore Crawler  
  131  32:16  Spine Crawler  
  131  32:19  Spine Crawler  
  129  33:04  Viper  
  113  33:50  Infestor  
  109  34:12  Hydralisk  
  109  34:16  Hydralisk  
  111  34:20  Hydralisk  
  111  34:24  Hydralisk  
  114  34:28  Zergling x2  
  111  34:40  Roach  
  111  34:44  Roach  
  107  34:48  Roach  
  107  34:51  Roach  
  103  34:55  Roach  
  103  34:59  Roach  
  105  35:02  Hydralisk  
  105  35:05  Hydralisk  
  109  35:11  Ravager  
  109  35:12  Roach  
  106  35:15  Ravager  
  106  35:16  Roach  
  106  35:17  Overseer  
  98  35:22  Ravager, Overlord  
  98  35:23  Roach, Ravager  
  98  35:27  Roach  
  104  35:57  Overlord  
  104  37:13  Overseer  
  104  37:42  Zergling x2  
  104  37:45  Hydralisk  
  104  37:54  Hydralisk  
  104  37:58  Hydralisk  
  101  38:02  Hydralisk  
  98  40:40  Roach  
  100  40:44  Roach  
Tags
 
Add a new tag
Caveats
  • Supply blocks, unpowered buildings, or Contaminate may cause inaccurate times.
  • Supply counts are checked every 10 seconds.